 Dungeon Crawl Stone Soup version 0.31.0-11-ge490571c62 (webtiles) character file.

Game seed: 11031693900333366570

241 trckry the Chopper (level 6, -3/51 HPs)
             Began as a Hill Orc Monk on Feb 4, 2024.
             Slain by an ogre
             ... wielding a +0 giant club
              (13 damage)
             ... on level 5 of the Dungeon.
             The game lasted 00:04:43 (2943 turns).

trckry the Chopper (Hill Orc Monk)                  Turns: 2943, Time: 00:04:43

Health: -3/51      AC: 11    Str: 16    XL:     6   Next: 8%
Magic:  8/8        EV:  8    Int: 10    God:
Gold:   189        SH:  0    Dex: 13    Spells: 5/5 levels left

rFire   . . .        a - +0 hand axe
rCold   . . .        d - orb {light}
rNeg    + . .        o - +0 chain mail
rPois   +            (no helmet)
rElec   .            (no cloak)
rCorr   .            h - +0 pair of gloves
SInv    .            q - +1 pair of boots
Will    .....        (no amulet) Stlth
                     i - ring of poison resistance
HPRegen 0.28/turn    v - ring of positive energy
MPRegen 0.11/turn

%: no passive effects
@: glowing
A: no striking features
a: no special abilities


You were on level 5 of the Dungeon.
You visited 1 branch of the dungeon, and saw 5 of its levels.

You collected 189 gold pieces.

Inventory:

Hand Weapons
 a - a +0 hand axe (weapon)
Missiles
 g - 2 poisoned darts (quivered)
Armour
 d - an orb of light (worn)
 h - a +0 pair of gloves (worn)
 o - a +0 chain mail (worn)
 q - a +1 pair of boots (worn)
Jewellery
 i - a ring of poison resistance (left hand)
 k - an amulet of magic regeneration
 v - a ring of positive energy (right hand)
Wands
 u - a wand of paralysis (9)
Scrolls
 b - a scroll of fear {unknown}
 e - 3 scrolls of blinking {unknown}
 f - 4 scrolls of immolation {unknown}
 j - a scroll of vulnerability {unknown}
 l - a scroll of identify {unknown}
 m - a scroll of torment {unknown}
 p - a scroll of fog {unknown}
Potions
 c - a potion of ambrosia
 n - a potion of enlightenment {unknown}
 r - a potion of attraction {unknown}
 s - 2 potions of heal wounds {unknown}
 t - a potion of might {unknown}


   Skills:
 - Level 3.6 Fighting
 + Level 7.3 Axes
 + Level 2.0 Armour
 - Level 2.4 Dodging
 * Level 3.5 Invocations


You had 5 spell levels left.
You didn't know any spells.
Your spell library contained the following spells:

 Spells                   Type           Power      Damage    Failure   Level
 Dazzling Flash           Conj/Hex       0%         N/A       100%        3
 Volatile Blastmotes      Fire/Tloc      0%         2d10      100%        3
 Starburst                Conj/Fire      0%         6d3       100%        6
 Maxwell's Capacitive Co  Air            0%         ∞         100%        8


Dungeon Overview and Level Annotations

Branches:
Dungeon (5/15) Zot: 26899
 Temple: D:4-7

Altars:
Nemelex Xobeh
Yredelemnul

Shops:
D:4 (

Annotations:
D:3 2 runed translucent doors, puppykicker's ghost, amateur OpRe


Message History

The iguana is almost dead.
The iguana bites you!
You are too injured to fight recklessly!
You are too injured to fight recklessly!
You hit the iguana.
You kill the iguana!
Your Armour skill increases to level 2!
You have reached level 6!
v - a ring of positive energy HP restored.
You now have 189 gold pieces (gained 6).
An ogre comes into view. It is wielding a +0 giant club.
The ogre shouts!
You hear a shout! x2
An ogre is nearby!
v - a ring of positive energy (right hand)
The ogre barely misses you.
You hit the ogre.
The ogre is lightly wounded.
You hit the ogre.
The ogre is moderately wounded.
The ogre hits you with a +0 giant club!
An orc comes into view. It is wielding a +0 war axe.
You hear a shout!
You hit the ogre but do no damage.
The ogre is moderately wounded.
The ogre hits you with a +0 giant club.
You slash the ogre!
The ogre is heavily wounded.
An orc priest comes into view. It is wielding a +3 trident.
The orc priest shouts, "Beogh is our master!
Accept the truth or die!" (press Y on the ability menu to convert to Beogh)
You hit the ogre.
The ogre is severely wounded.
The ogre hits you with a +0 giant club!!
* * * LOW HITPOINT WARNING * * *
The orc priest shouts, "Surrender to Beogh and we'll let you live!"
An orc wizard comes into view. It is wielding a +0 dagger.
A gnoll bouda comes into view. It is wielding a +0 club.
The ogre attacks as it pursues you! The ogre hits you with a +0 giant club!
You die...

... ##.###..........
#<...#..........
#...................
#.........##.####.#.
................#
..........###..##
......#.... #..#
......#.....#.#####
............#.@O..#
###+..# #o.#
#..o....# ##o.#.....
#..# .... #g## ...
... .. ... .


You could see an ogre and an orc wizard.

Vanquished Creatures
  A bombardier beetle (D:4)
  2 iguanas
  3 gnolls (D:4)
  5 adders
  5 dart slugs
  A ribbon worm (D:2)
  5 orcs
  7 ball pythons
  7 endoplasms
  A giant cockroach (D:3)
  A goblin (D:1)
  5 hobgoblins
  6 jackals (D:1)
  4 kobolds
  3 quokkas
  6 bats
  3 frilled lizards
  5 rats
70 creatures vanquished.

Notes
Turn   | Place    | Note
-------+----------+-------------------------------------------
     0 | D:1      | trckry the Hill Orc Monk began the quest for the Orb.
     0 | D:1      | Reached XP level 1. HP: 19/19 MP: 1/1
   236 | D:1      | Reached XP level 2. HP: 23/26 MP: 2/2
   274 | D:1      | Reached skill level 5 in Axes
   663 | D:1      | Reached XP level 3. HP: 31/31 MP: 3/3
  1085 | D:2      | Reached skill level 6 in Axes
  1220 | D:2      | Found a faded altar of an unknown god.
  1301 | D:2      | Reached XP level 4. HP: 33/39 MP: 4/4
  1837 | D:3      | Found a large runed translucent door.
  1837 | D:3      | Found a large runed translucent door.
  1841 | D:3      | Noticed puppykicker's ghost (amateur OpRe)
  1969 | D:3      | Found a basalt altar of Yredelemnul.
  2172 | D:3      | Reached skill level 1 in Invocations
  2384 | D:4      | Found Zorrunge's Antique Weapon Boutique.
  2400 | D:4      | Reached XP level 5. HP: 44/45 MP: 6/6
  2450 | D:4      | Reached skill level 7 in Axes
  2450 | D:4      | Reached skill level 1 in Armour
  2731 | D:4      | Found a sparkling altar of Nemelex Xobeh.
  2841 | D:5      | Entered Level 5 of the Dungeon
  2864 | D:5      | Reached XP level 6. HP: 35/51 MP: 8/8
  2943 | D:5      | Slain by an ogre

Illustrated notes

Levels and vault maps discovered:
D:1:      eino_arrival_cavern_e, layout_basic, serial_corexii_hall,
          corexii_hall_statues_s, chequers_hall_statues_y,
          corexii_hall_statues_i
D:2:      layout_loops_ring, chequers_ecumenical_altar_simple_redux
D:3:      layout_basic, overflow_temple_1_default, ebering_ghost_disaster_area
D:4:      layout_rooms, nemelex_altar_shiori, serial_shops, shop
D:5:      layout_cave_pools, grunt_qazlal_clouds, mainiacjoe_overflow_boulevard,
          nicolae_ru_great_annihilating_truth, gammafunk_ghost_smash

Skill      XL: |  1  2  3  4  5 |
---------------+----------------+-----
Axes           | 5 6 7 |  7.3
Invocations    | 1 3 |  3.5
Armour         | 2 |  2.0
Fighting       | |  3.6
Dodging        | |  2.4

Action                     |  1- 3 |  4- 6 || total
---------------------------+-------+-------++-------
  Melee: Hand axe          |   116 |   116 ||   232
 Armour: Robe              |    58 |    10 ||    68
         Chain mail        |       |    66 ||    66
  Dodge: Dodged            |    79 |    42 ||   121
